 Dungeon Crawl Stone Soup version 0.17-a0-2064-g265a032 (webtiles) character file.

663 brucemayne the Chopper (level 7, -2/52 HPs)
             Began as a Vine Stalker Berserker on Oct 12, 2015.
             Was a Believer of Trog.
             Slain by a human zombie (5 damage)
             ... in an ossuary.
             The game lasted 00:05:13 (1070 turns).

brucemayne the Chopper (Vine Stalker Berserker)     Turns: 1070, Time: 00:05:13

Health: -2/52      AC:  6    Str: 25    XL:     7   Next: 56%
Magic:  0/8        EV: 11    Int:  7    God:    Trog [**....]
Gold:   12         SH:  0    Dex: 15    Spells: 0 memorised, 6 levels left

rFire  . . .     SeeInvis .     a - +0 hand axe
rCold  . . .     Clarity  .     i - +0 ring mail
rNeg   . . .     SustAt   .     (no shield)
rPois  .         Gourm    .     h - +0 helmet
rElec  .         Spirit   +     (no cloak)
rCorr  .         Warding  .     (no gloves)
rMut   .         Stasis   .     (no boots)
MR     ++...                    (no amulet)
Stlth  ..........               (no ring)
                                (no ring)

@: berserking, regenerating, very quick, very resistant to hostile enchantments,
extremely unstealthy
A: fangs 2, regeneration 2, magic shield, antimagic bite, no device heal 3, rot
immunity
a: Burn Spellbooks, Berserk, Trog's Hand, Renounce Religion


You were in an ossuary.
You worshipped Trog.
Trog was pleased with you.
You were not hungry.

You visited 1 branch of the dungeon, and saw 6 of its levels.
You also visited: Ossuary.

You collected 12 gold pieces.

Inventory:

Hand Weapons
 a - a +0 hand axe (weapon)
Armour
 b - a +0 animal skin
 h - a +0 helmet (worn)
 i - a +0 ring mail (worn)
 q - a +0 chain mail
Scrolls
 e - a scroll of fog {unknown}
 j - a scroll of enchant armour {unknown}
 k - a scroll of identify {unknown}
 l - a scroll of remove curse {unknown}
 o - a scroll of teleportation {unknown}
 p - a scroll of recharging {unknown}
 r - a scroll of fear {unknown}
Potions
 d - a potion of agility {unknown}
 m - a potion of lignification {unknown}
 n - a potion of haste {unknown}
 u - 2 potions of heal wounds {unknown}
 v - a potion of might {unknown}
Comestibles
 c - a bread ration


   Skills:
 - Level 2.6 Fighting
 + Level 7.8 Axes
 - Level 1.5 Armour
 - Level 1.5 Dodging


You had 6 spell levels left.
You didn't know any spells.

Dungeon Overview and Level Annotations

Branches:
Dungeon (6/15)
 Temple: D:4-7

Altars:
Dithmenos
Okawaru


Innate Abilities, Weirdness & Mutations

You have extremely sharp teeth.
You heal very quickly.
When hurt, damage is shared between your health and your magic reserves.
Your bite disrupts and absorbs the magic of your enemies.
Potions and wands cannot restore your health.
You are immune to rotting.


Message History

The elf zombie barely misses you.
Unknown command.
You slash the mummy!
You destroy the mummy!
You closely miss the elf zombie. You slash the elf zombie!
You barely miss the elf zombie. The elf zombie barely misses you.
Unknown command.
Press: ? - help, v - describe, . - travel A stone wall.
Unknown command.
You slash the elf zombie! You bite the elf zombie. You drain its power.
You feel invigorated.
You hit the human zombie. You slash the elf zombie! You hit the elf zombie.
The elf zombie hits you.
* * * LOW HITPOINT WARNING * * *
The elf zombie hits you.
* * * LOW HITPOINT WARNING * * *
Unknown command.
You barely miss the elf zombie. You slash the human zombie!
You slash the elf zombie! You hit the elf zombie. The human zombie hits you!
You die...

### ###.###
##.....##
#.......#
#.....ZZ#
#....ZZ@#
##....Z## ###.###
#'# ###.### ##
##.....## ..##
#.......# ....#
##...∩...###.....#
+...∩∩∩...'.......


You could see 4 elf zombies and a human zombie.

Vanquished Creatures
  A hungry ghost (D:6)
  2 elf zombies (Ossuary)
  2 centaur zombies (Ossuary)
  2 hounds
  A human zombie (Ossuary)
  2 giant frog skeletons (D:6)
  A jelly (D:6)
  A worker ant (D:5)
  A hound skeleton (D:4)
  3 mummies (Ossuary)
  2 gnolls (D:5)
  3 adders
  An ooze (D:3)
  A worm (D:5)
  A giant cockroach (D:2)
  4 goblins
  3 hobgoblins
  6 jackals
  4 bats
  4 giant geckos
  A giant newt (D:2)
  2 kobolds (D:1)
  A quokka zombie (D:5)
  A rat (D:2)
50 creatures vanquished.

Notes
Turn   | Place    | Note
--------------------------------------------------------------
     0 | D:1      | brucemayne the Vine Stalker Berserker began the quest for the Orb.
     0 | D:1      | Reached XP level 1. HP: 11/11 MP: 2/2
   190 | D:1      | Reached skill level 3 in Axes
   247 | D:2      | Reached XP level 2. HP: 14/16 MP: 3/3
   428 | D:3      | Reached XP level 3. HP: 16/19 MP: 4/4
   463 | D:2      | Reached ** piety under Trog
   617 | D:4      | Reached skill level 4 in Axes
   665 | D:5      | Entered Level 5 of the Dungeon
   671 | D:5      | Reached XP level 4. HP: 20/23 MP: 5/5
   718 | D:5      | Found a shadowy altar of Dithmenos.
   747 | D:5      | Found an iron altar of Okawaru.
   761 | D:6      | Reached skill level 5 in Axes
   761 | D:6      | Reached XP level 5. HP: 18/27 MP: 6/6
   885 | D:6      | Reached skill level 6 in Axes
   885 | D:6      | Gained mutation: You heal very quickly. [Vine Stalker growth]
   885 | D:6      | Reached XP level 6. HP: 29/32 MP: 7/7
   893 | D:6      | Noticed a hungry ghost
   921 | D:6      | Killed a hungry ghost
   935 | D:6      | Found a sand-covered staircase.
   940 | Ossuary  | Entered an ossuary
   974 | Ossuary  | Reached skill level 7 in Axes
   974 | Ossuary  | Reached XP level 7. HP: 35/35 MP: 8/8
  1069 | Ossuary  | HP: 2/52 [elf zombie (3)]
  1070 | Ossuary  | Slain by a human zombie

Vault maps used:
D:1:      tarquinn_simple_flora_water_f
D:2:      first_bread
D:3:      nicolae_overflow_hidden_temple, overflow_temple_1_default,
          grunt_ministairs_9, minivault_25, minmay_cupped, uniq_natasha
D:4:      kennysheep_mini_moat, serial_shops, nicolae_shop_stone
D:5:      old_standard_altar, nicolae_dithmenos_the_darkroom,
          overflow_temple_1_default, uniq_menkaure, uniq_grinder,
          uniq_blork_the_orc
D:6:      enter_ossuary_5, kennysheep_minor_cross, dk_rats_in_the_wall
Ossuary:  ossuary_minmay_four_chambers

Action                   |  1- 3 |  4- 6 |  7- 9 || total
-------------------------+-------+-------+-------++-------
Melee: Hand axe          |    79 |    71 |    42 ||   192
Invok: Berserk           |       |     4 |     1 ||     5
       Trog's Hand       |       |     2 |     1 ||     3
  Eat: Chunk             |       |     4 |       ||     4
       Meat ration       |       |     1 |       ||     1
       Bread ration      |       |     1 |       ||     1
       Beef jerky        |       |     1 |       ||     1
       Royal jelly       |       |       |     1 ||     1
